[Event "*** Qualifier 1: Titled Tuesday 3|2 Blitz"]
[Site "Chess.com"]
[Date "2017.04.04"]
[Round "6"]
[White "GMHess"]
[Black "nonscitis"]
[Result "1-0"]
[WhiteElo "2591"]
[BlackElo "2359"]
[TimeControl "180+2"]
[EndTime "14:27:50 PDT"]
[Termination "GMHess won by checkmate"]

1. b3 e5 2. Bb2 Nc6 3. e3 d5 4. Bb5 Bd6 5. Nf3 Bg4 6. h3 Bxf3 7. Qxf3 a6 8. Bxc6+ bxc6 9. Qg3 Qf6 10. f4 d4 11. O-O exf4 12. Qf3 Ne7 13. Bxd4 Qg6 14. e4 f6 15. d3 O-O 16. Nd2 c5 17. Bf2 Nc6 18. Nc4 Ne5 19. Nxe5 fxe5 20. a4 a5 21. Kh2 h5 22. Rg1 Kh7 23. Raf1 Rf6 24. Bh4 Rf7 25. g4 fxg3+ 26. Qxg3 Qxg3+ 27. Bxg3 Kg8 28. Be1 Rxf1 29. Rxf1 g6 30. Bh4 Kg7 31. Bf6+ Kg8 32. Bg5 Kg7 33.
Kg3 Re8 34. Bd2 Ra8 35. Bg5 Re8 36. Bf6+ Kg8 37. Rf3 Rf8 38. Bg5 Re8 39. Kh4 Kg7 40.
Bf6+ Kh7 41. Kg5 Bf8 42. Kh4 Bd6 43. Bg5 Kg7 44. Rf6 Rc8 45. Rf1 Re8 46. Kg3 Ra8 47. Bd2 Be7 48. Rf3 Bd6 49. Bc3 Ra7 50. Kf2 Ra8 51. Ke3 Kg8 52. Rg3 Kg7 53. Be1 Kf6 54. Rf3+ Kg7 55. Bh4 Re8 56. Kd2 Ra8 57. Kc3 Rb8 58. Kc4 c6 59. Be1 Bc7 60. Kxc5 Rc8 61. Bc3 Bb8 62. Bxa5 g5 63. Bd2 Kh6 64. Rf6+ Kg7 65.
Bxg5 Ba7+ 66. Kc4 Be3 67. Rf5 Bd4 68. Bf6+ Kg6 69. Bxe5 Be3 70. h4 Bh6 71. Rf6+ Kh7 72. Re6 Bf8 73. a5 Kg8 74. a6 Kf7 75. Rf6+ Ke8 76.
a7 Ra8 77. Bb8 Be7 78. Rh6 Kd7 79. Rxh5 Kc8 80. Rh8+ Kb7 81. Rh7 Ka6 82. Rxe7 c5 83.
Re6+ Ka5 84. Bc7# 1-0

[Event "*** Qualifier 1: Titled Tuesday 3|2 Blitz"]
[Site "Chess.com"]
[Date "2017.04.04"]
[Round "6"]
[White "Kacparov"]
[Black "Duhless"]
[Result "0-1"]
[WhiteElo "2603"]
[BlackElo "2735"]
[TimeControl "180+2"]
[EndTime "14:28:18 PDT"]
[Termination "Duhless won by resignation"]

1. e4 g6 2. d4 Bg7 3. Nc3 d6 4. f4 Nf6 5. Nf3 O-O 6. Bd3 Nc6 7. O-O e5 8. dxe5 dxe5 9. Qe1 exf4 10. Bxf4 Be6 11. Rd1 Qe7 12. a3 Rad8 13. Kh1 h6 14.
h3 Rfe8 15. Qf2 a6 16. Be3 Nd7 17. Bd2 Nde5 18. Nxe5 Nxe5 19. Be3 Bc4 20. Bc5 Qe6 21. Qe2 Nxd3 22. cxd3 Bb3 23. Rd2 b6 24. Bg1 c5 25.
Qf3 Rd7 26. Ne2 Qc6 27. d4 Bc4 28. d5 Qb5 29. Re1 Qb3 30. Qxb3 Bxb3 31. Nf4 a5 32. d6 Be5 33. Nd5 Rxd6 34. Re3 a4 35. Rf3 Kg7 36. Be3 f5 37. Nc7 Rf8 38. Rxd6 Bxd6 39.
Nb5 fxe4 40. Rxf8 Bxf8 41. Nc3 Bc2 42. Nd5 Kf7 43. Nxb6 Ke6 44. Nc4 Bg7 45. Bc1 Bd3 46. Ne3 c4 47. Kg1 c3 48. bxc3 Bxc3 49. Kf2 h5 50. g4 h4 51. g5 Bd4 52. Ke1 Bc3+ 53. Kf2 Be5 54. Ng2 Bg3+ 55. Ke3 Kf5 56. Kd4 Bf2+ 57. Ne3+ Kxg5 58. Ke5 Kh5 59. Ng4 Bg3+ 60. Kd4 g5 61. Nf6+ Kg6 62. Nxe4 Bxe4 63. Kxe4 Bd6 64. Kf3 Kf5 65. Bb2 Be5 66. Bc1 Bf6 67. Bd2 Bb2 68. Bb4 Bc1 69. Be7 Ke5 70. Kg4 Ke6 71. Bxg5 Bxa3 72. Bd2 Be7 73. Bc1 Kd5 74. Kf5 Kc4 75.
Ke6 Bc5 76. Ke5 Kb3 77. Kd5 Ba3 78. Bg5 Bb2 79. Be7 Bc3 80. Ke4 Bb4 81. Bf6 Kc2 82. Bxh4 a3 83. Bf6 Bc3 0-1

[Event "*** Qualifier 1: Titled Tuesday 3|2 Blitz"]
[Site "Chess.com"]
[Date "2017.04.04"]
[Round "6"]
[White "evgenyermolaev"]
[Black "keisyzrk"]
[Result "0-1"]
[WhiteElo "2373"]
[BlackElo "2265"]
[TimeControl "180+2"]
[EndTime "14:28:32 PDT"]
[Termination "keisyzrk won by resignation"]

1. e4 c6 2. d4 d5 3. e5 Bf5 4.
Nf3 e6 5. Be2 Nd7 6. O-O h6 7.
c4 Ne7 8. Nc3 Bh7 9. Bd3 Bxd3 10. Qxd3 dxc4 11. Qxc4 Nb6 12. Qd3 Ned5 13. Ne4 Be7 14. a4 Nb4 15. Qd2 a5 16. b3 O-O 17.
Qe2 N6d5 18. Ne1 Qb6 19. Qg4 Kh8 20. Bb2 Rae8 21. Qg3 Qd8 22. f4 Bh4 23. Qh3 f5 24. Nd6 Bxe1 25. Raxe1 Re7 26. Kh1 Rd7 27. g4 Rxd6 28.
exd6 Qxd6 29. Ba3 Nxf4 30. Qg3 fxg4 31. Bxb4 axb4 32. Re4 g5 33. Qxg4 Qd5 34. Re1 Nd3 35. Qxe6 Qxe6 36. Rxe6 Nxe1 37. Rxe1 Rf3 38. Re8+ Kg7 39.
Re7+ Kg6 40. Rxb7 Rxb3 41. Rb6 Kf5 42. Rxc6 h5 43. a5 Rb2 44. a6 b3 45. a7 Ra2 46.
Rb6 Rxa7 47. Rxb3 Ra2 48. Rd3 Ke4 49. Rd1 Ra5 50. Kg2 Rd5 51. Re1+ Kxd4 52. Kg3 Rf5 53. h3 Kd3 54. Re8 Kd4 55. Re7 Re5 56. Rh7 h4+ 57.
Kg4 Ke3 58. Rg7 Kf2 59. Rg8 Kg2 60. Rh8 Ra5 61. Rh7 Rb5 62. Rh8 Rb3 63. Kxg5 Kg3 64. Kf5 Rb4 65. Rg8+ Kxh3 66. Rg7 Kh2 67. Rh7 h3 68.
Rg7 Kh1 69. Rh7 h2 70. Rg7 Rb2 71. Kf4 Rg2 72. Ra7 Kg1 73. Ra1+ Kf2 74. Rh1 Ke2 75. Ke4 Rg4+ 76. Kf5 Rg2 77. Ke4 Rg4+ 78. Kf5 Rh4 79. Kg5 Rh8 80. Kg4 Kf2 0-1

[Event "*** Qualifier 1: Titled Tuesday 3|2 Blitz"]
[Site "Chess.com"]
[Date "2017.04.04"]
[Round "6"]
[White "SantoBlue"]
[Black "TheNextLevelFan"]
[Result "1-0"]
[WhiteElo "2551"]
[BlackElo "2378"]
[TimeControl "180+2"]
[EndTime "14:29:05 PDT"]
[Termination "SantoBlue won by resignation"]

1. e4 e5 2. Nf3 Nc6 3. Bb5 a6 4.
Ba4 Nf6 5. O-O Be7 6. Re1 b5 7. Bb3 O-O 8. h3 d6 9. c3 Nb8 10. d4 Nbd7 11. c4 c6 12. Nc3 Bb7 13. Be3 Re8 14. a3 Bf8 15. Rc1 exd4 16. Nxd4 c5 17.
Nf5 Nxe4 18. Nxe4 Bxe4 19. Nxd6 Bxd6 20. Qxd6 bxc4 21. Bxc4 Ne5 22. Qxd8 Rexd8 23. Bxc5 Nxc4 24. Rxc4 Bd5 25. Rc3 Be6 26. b4 Rd5 27. g4 h5 28. f3 Kh7 29. Kf2 Rad8 30. Kg3 Rd3 31. Re3 Rd1 32. Re5 hxg4 33. hxg4 R8d3 34. Rxd3 Rxd3 35.
a4 Ra3 36. a5 Rb3 37. Rh5+ Kg6 38. Re5 Kf6 39. Re4 Bd5 40. Rf4+ Ke6 41. Kf2 f6 42.
Bf8 g6 43. Bg7 f5 44. g5 Bc6 45. Bf6 Bd5 46. Kg3 Kd7 47. Bg7 Kc6 48. Bf8 Kd7 49.
Bc5 Ke6 50. Kf2 Bc6 51. Ke2 Bd5 52. Be3 Rb2+ 53. Bd2 Rb3 54. Be3 Rb2+ 55. Kd3 Rb3+ 56. Kd2 Rb2+ 57. Ke1 Rb3 58. Ke2 Rb2+ 59. Bd2 Rb3 60. Be1 Rb2+ 61. Ke3 Rb3+ 62. Kf2 Rb2+ 63. Kg3 Rb3 64. Kf2 Rb2+ 65. Ke3 Rb3+ 66. Kd4 Rxf3 67. Rh4 Rf1 68. Bg3 Rc1 69. Rh6 Rc4+ 70. Kd3 Kf7 71. Bd6 Rg4 72. Rh7+ Ke6 73. Be7 f4 74. Rg7 Kf5 75.
Bf6 f3 76. Re7 f2 77. Re5+ Kf4 78. Ke2 Kg3 79. Rxd5 Re4+ 80. Kd3 f1=Q+ 81. Kxe4 Qc4+ 82. Rd4 Qc6+ 83. Ke5 Kf3 84. Rd5 Qc3+ 85. Rd4 Qc8 86.
Kd6 Qb7 87. Ke6 Qc6+ 88. Kf7 Qc2 89. Kg7 Ke3 90. Kh6 Kf3 91. Rd6 Kg4 92. Rxa6 Kf5 93. Ra7 Qh2+ 94. Kg7 Qg1 95. Rc7 Qb1 96. Rc5+ Ke6 97.
Re5+ Kd7 98. Re7+ Kd6 99. Rb7 Kc6 100. Rb6+ Kd5 101. a6 Qf5 102. Rb7 Qe6 103. a7 Qc8 104. Rf7 Kc4 105. Be7 Kb5 106. Rf8 Qd7 107. a8=Q Qxe7+ 108. Rf7 1-0

[Event "*** Qualifier 1: Titled Tuesday 3|2 Blitz"]
[Site "Chess.com"]
[Date "2017.04.04"]
[Round "6"]
[White "MaestroASK"]
[Black "Bad4life"]
[Result "0-1"]
[WhiteElo "2464"]
[BlackElo "2278"]
[TimeControl "180+2"]
[EndTime "14:30:25 PDT"]
[Termination "Bad4life won on time"]

1. d4 Nf6 2. Bg5 c5 3. Bxf6 exf6 4. dxc5 Bxc5 5. e3 O-O 6. c3 d5 7. Nd2 Re8 8. Nb3 Bf8 9. Nf3 Nc6 10. Nbd4 Bg4 11. Be2 Qb6 12. Qb3 Qc5 13. Qxb7 Ne5 14. Nxe5 fxe5 15. Nb3 Qc8 16. Qxd5 Bxe2 17. Kxe2 Qg4+ 18.
Kf1 Rad8 19. Qf3 Qc4+ 20. Qe2 Qc6 21. Kg1 Re6 22. h3 Rg6 23. g3 f5 24. Kh2 Re8 25. Rhg1 Bd6 26. Na5 Qd5 27. Qc4 Qxc4 28. Nxc4 Bb8 29. Rad1 h5 30. Rd5 Rc6 31. b3 h4 32.
Rgd1 Bc7 33. g4 fxg4 34. hxg4 Rg6 35. Kh3 Rf8 36. R1d2 Rf3+ 37. Kg2 e4 38. Ne5 h3+ 39. Kf1 Bxe5 40. Rxe5 Rh6 41. Rh5 Rg6 42. Rh4 Ra6 43. g5 Ra5 44. Rxe4 Rxg5 45. Rh4 Rc5 46. c4 g5 47. Rh5 Kg7 48. Ke2 Rcf5 49. Ke1 Kg6 50. Rh8 Rf6 51. e4 Re6 52. Ke2 Rf4 53. f3 g4 54.
fxg4 Rfxe4+ 55. Kd1 Rxg4 56. Rxh3 Rg1+ 57. Kc2 Ree1 58.
Rhh2 Rc1+ 59. Kb2 Rb1+ 60. Ka3 Kf5 61. Rhf2+ Ke5 62. Rfe2+ Kf5 63. Rf2+ Ke4 64. Rfe2+ Kf5 65. Re7 a6 66. Rf7+ Ke6 67. Ra7 Rg3 68. Rxa6+ Ke5 69. Ra8 Rh1 70. Re8+ Kf6 71. Rf2+ Kg7 72. Rff8 Rc3 73.
Rg8+ Kf7 74. Rgf8+ Kg7 75. Rf2 Rcc1 76. Re3 Rcg1 77.
Ree2 Rd1 78. Rg2+ Kf6 79. Rgf2+ Kg6 80. c5 Rh8 81. Rg2+ Kf5 82. Rgf2+ Kg4 83. Rc2 Ra8+ 84. Kb4 Rd4+ 85. Kc3 Rd5 86. b4 Ra3+ 87. Kc4 Rad3 88.
Rg2+ Kf3 89. Rgf2+ Kg3 90. Rfe2 Kf3 91. Re8 Rd7 92. a4 Ra3 93. a5 Rb7 94. c6 Rc7 95. Kb5 Rd3 96. Kb6 Rf7 97. c7 Rd6+ 98. Rc6 Rd4 99.
c8=Q Rxb4+ 100. Kc5 Rbf4 101. Ree6 R7f5+ 102. Kb6 Rb4+ 103. Ka6 Rff4 104. Rf6 Ke3 105. Rxf4 Rxf4 0-1

[Event "*** Qualifier 1: Titled Tuesday 3|2 Blitz"]
[Site "Chess.com"]
[Date "2017.04.04"]
[Round "6"]
[White "CalinGheorghiu"]
[Black "jeaston1"]
[Result "1/2-1/2"]
[WhiteElo "2247"]
[BlackElo "2169"]
[TimeControl "180+2"]
[EndTime "14:30:28 PDT"]
[Termination "Game drawn - insufficient material"]

1. d4 d5 2. c4 dxc4 3. e3 Nf6 4. Bxc4 e6 5. Nf3 a6 6. Nc3 b5 7. Bd3 Bb7 8. O-O c5 9. dxc5 Bxc5 10. Qe2 Nbd7 11.
e4 O-O 12. a3 Rc8 13. Bg5 Be7 14. Rad1 h6 15. Bh4 Nh5 16. Bg3 Nxg3 17. hxg3 Qc7 18.
Rc1 Qb6 19. Rfd1 Nc5 20. Bc2 Rfd8 21. b4 Nd7 22. Bb1 Nf6 23. e5 Nd5 24. Ne4 Rxc1 25. Rxc1 a5 26. Nc5 axb4 27. axb4 Nxb4 28. Nxb7 Qxb7 29.
Be4 Qd7 30. Rb1 Qc7 31. Qxb5 Nd5 32. Qb7 Qxb7 33. Rxb7 Bc5 34. Kf1 Nc3 35. Bc2 Ra8 36.
Rc7 Bb4 37. Kg1 g6 38. Rc4 Nd5 39. Be4 Ra1+ 40. Kh2 Be7 41. Rd4 Ra5 42. Bxd5 Rxd5 43. Rxd5 exd5 44. Ne1 Bc5 45. Nd3 Bd4 46. f4 Kf8 47. Nb4 f6 48. exf6 Bxf6 49. Nxd5 Bd8 50. Kg1 Kf7 51. Kf2 Ke6 52. Ne3 Bb6 53. Kf3 Bd4 54. Ng4 Bg7 55. Ke4 h5 56. Nf2 Kf7 57.
Kd5 Bf8 58. Ne4 Be7 59. Nf2 Kf6 60. Ke4 Bf8 61. g4 Kg7 62. g5 Be7 63. Ke5 Bd8 64.
Nd3 Bc7+ 65. Ke6 Bb8 66. Ne5 Bc7 67. Kd7 Bb8 68. Ke6 Bc7 69. f5 gxf5 70. Kxf5 Bb8 71.
Nd3 Bc7 72. Nf4 h4 73. Ng6 Bg3 74. Ne5 Kh7 75. Nf3 Kg7 76. Kg4 Bc7 77. Nxh4 Bd8 78. Kf5 Kf7 79. g6+ Kg7 80. Nf3 Kh6 81. Ne5 Kg7 82.
g4 Be7 83. g5 Bd6 84. Nd3 Ba3 85. Nf4 Bb2 86. Nh5+ Kg8 87. Ke6 Ba3 88. Kf5 Bb2 89.
Kg4 Ba1 90. Nf4 Kg7 91. Kh5 Be5 92. Ne6+ Kg8 93. Kh6 Bb2 94. Nc5 Bg7+ 95. Kh5 Bb2 96. Ne4 Bd4 97. Nf6+ Kg7 98. Ne8+ Kg8 99. Nc7 Be5 100.
Ne6 Ba1 101. Nf4 Bb2 102. Kg4 Kg7 103. Kf5 Ba1 104. Nh5+ Kg8 105. Nf6+ Kg7 106. Ne8+ Kg8 107. Nc7 Kg7 108. Ne6+ Kg8 109. g7 Bxg7 110. Kg6 Ba1 111. Nf4 Bb2 112. Nh5 Bc1 113. Nf6+ Kf8 114. Kf5 Bxg5 115. Kxg5 1/2-1/2

[Event "*** Qualifier 1: Titled Tuesday 3|2 Blitz"]
[Site "Chess.com"]
[Date "2017.04.04"]
[Round "6"]
[White "jposthuma"]
[Black "geeeeri"]
[Result "1/2-1/2"]
[WhiteElo "2237"]
[BlackElo "2299"]
[TimeControl "180+2"]
[EndTime "14:31:16 PDT"]
[Termination "Game drawn by 50-move rule"]

1. b3 e5 2. Bb2 Nc6 3. e3 d5 4.
Bb5 Bd6 5. f4 Qe7 6. Nf3 f6 7.
fxe5 fxe5 8. Bxc6+ bxc6 9. Nxe5 Qh4+ 10. g3 Qe4 11. Qh5+ g6 12. Qf3 Nh6 13. Qxe4 dxe4 14. Nd7 Bxd7 15. Bxh8 O-O-O 16. Bb2 Bg4 17. O-O Nf5 18.
Na3 Bxa3 19. Bxa3 Rxd2 20. Rf2 Rd5 21. c4 Rd3 22. Bc5 Bf3 23. Re1 g5 24. h3 h5 25.
g4 hxg4 26. hxg4 Nh6 27. Bxa7 Nxg4 28. Rb2 Kd7 29. a4 Ne5 30. Bd4 Nf7 31. a5 Kc8 32. a6 Kb8 33. a7+ Ka8 34. Rh2 Rxd4 35. exd4 Kxa7 36. Rh7 Nd6 37. Rxc7+ Kb6 38. Rg7 Nf5 39.
Rxg5 Nxd4 40. Kf2 Ne6 41. Re5 Nc5 42. Rg5 Nd3+ 43. Kf1 c5 44. Re3 Ka5 45. Rxd3 exd3 46. Rxc5+ Kb4 47. Rc8 Kxb3 48. c5 d2 49. Rd8 Kc4 50.
Rxd2 Kxc5 51. Kf2 Bd5 52. Ke3 Bc4 53. Ke4 Bb5 54. Ke5 Ba4 55. Rd8 Kb4 56. Rc8 Bb3 57. Kd4 Bd1 58. Rb8+ Ka3 59. Kc3 Bf3 60. Rf8 Bg2 61.
Rg8 Bf3 62. Rb8 Ka2 63. Rb6 Ka1 64. Kc2 Be4+ 65. Kc1 Bd5 66. Ra6+ Ba2 67. Rg6 Bb3 68. Rg2 Ba2 69. Kc2 Bd5 70. Rg1+ Ka2 71. Kc3 Be6 72. Rf1 Bd5 73. Re1 Bf7 74. Kc2 Bg6+ 75. Kc1 Bf5 76. Re5 Bg6 77. Re7 Kb3 78. Kd2 Bf5 79. Rc7 Bg6 80.
Ke3 Bf5 81. Kd4 Bg6 82. Rc5 Bh7 83. Rb5+ Ka4 84. Rb7 Bg8 85. Kc3 Bd5 86. Kd4 Bg8 87. Kc5 Be6 88. Re7 Bg8 89. Re3 Bf7 90. Re4+ Kb3 91.
Rf4 Bg8 92. Rf3+ Ka4 93. Rf6 Kb3 94. Kd4 Ka4 95. Rb6 Bf7 96. Rb7 Bg8 97. Kc3 Be6 98. Rb6 Bg8 99. Rb4+ Ka5 100. Rb8 Be6 101. Kd4 Bf7 102. Kc5 Ka4 103. Rb1 Bg8 104. Rg1 Bf7 105. Rf1 Bg8 106. Rf3 Be6 107. Re3 Bg8 108. Re7 Kb3 109. Rg7 Be6 110. Kb5 Kc3 111. Rg3+ Kb2 112. Kb4 Bd5 113. Rh3 Ka1 114. Kc3 Be4 115. Rh2 Bb1 116. Rh8 Ba2 117. Kc2 Bb1+ 118. Kc1 Ba2 119. Rb8 Be6 120. Rb1+ Ka2 121. Rb6 Bc4 122. Rb4 Bb3 123. Rb7 Bd5 124. Rb5 Bc4 125. Rb4 Bd5 1/2-1/2

[Event "*** Qualifier 1: Titled Tuesday 3|2 Blitz"]
[Site "Chess.com"]
[Date "2017.04.04"]
[Round "7"]
[White "iaraldinho"]
[Black "indfraeng"]
[Result "1-0"]
[WhiteElo "2381"]
[BlackElo "1765"]
[TimeControl "180+2"]
[EndTime "14:34:27 PDT"]
[Termination "iaraldinho won by checkmate"]

1. e4 c6 2. d4 d5 3. Nc3 dxe4 4.
Nxe4 Nd7 5. Bd3 Ngf6 6. Ng5 e6 7.
N1f3 Bd6 8. Qe2 h6 9. Ne4 Nxe4 10. Bxe4 Nf6 11. Bd3 O-O 12. Bd2 Qc7 13. O-O-O b6 14. g4 c5 15. g5 h5 16. gxf6 g6 17. Rhg1 Bb7 18. Ng5 Bf4 19. Nxe6 fxe6 20. Rxg6+ Kh8 21. Qxh5+ Qh7 22. Qxh7+ Kxh7 23. Bxf4 c4 24. Rg7+ Kh8 25.
Rh7+ Kg8 26. Rg1+ Bg2 27. Rxg2# 1-0

[Event "*** Qualifier 1: Titled Tuesday 3|2 Blitz"]
[Site "Chess.com"]
[Date "2017.04.04"]
[Round "7"]
[White "Quiet_Desperation"]
[Black "BjarkeSahl"]
[Result "1-0"]
[WhiteElo "2111"]
[BlackElo "2167"]
[TimeControl "180+2"]
[EndTime "14:34:39 PDT"]
[Termination "Quiet_Desperation won by resignation"]

1. e4 c5 2. Nf3 e6 3. d4 cxd4 4.
Nxd4 Nc6 5. Nc3 a6 6. Nb3 b5 7. a3 Bb7 8. Bd3 Nf6 9. Be3 d6 10. O-O Be7 11. f4 O-O 12. Kh1 Rc8 13. Rf3 d5 14. e5 d4 15. exf6 Bxf6 16. Bxh7+ Kxh7 17. Rh3+ Kg8 18. Qh5 1-0

[Event "*** Qualifier 1: Titled Tuesday 3|2 Blitz"]
[Site "Chess.com"]
[Date "2017.04.04"]
[Round "7"]
[White "PaulfromSPb"]
[Black "Feegus"]
[Result "1-0"]
[WhiteElo "2545"]
[BlackElo "2365"]
[TimeControl "180+2"]
[EndTime "14:35:07 PDT"]
[Termination "PaulfromSPb won by resignation"]

1. e4 e6 2. d4 d5 3. Nd2 Nc6 4. Ngf3 Nf6 5. e5 Nd7 6. c3 Be7 7. Bd3 f6 8. exf6 Nxf6 9. Nf1 Bd6 10. Ng3 O-O 11. O-O e5 12. dxe5 Nxe5 13. Nxe5 Bxe5 14.
Re1 Bd6 15. Bg5 Bc5 16. Qc2 h6 17. Be3 Bxe3 18. Rxe3 Ng4 19. Re2 Qh4 20. h3 Nxf2 21. Rxf2 Qxg3 22. Bh7+ 1-0

[Event "*** Qualifier 1: Titled Tuesday 3|2 Blitz"]
[Site "Chess.com"]
[Date "2017.04.04"]
[Round "7"]
[White "Ilja_Semjonovs"]
[Black "scrapnel"]
[Result "0-1"]
[WhiteElo "2150"]
[BlackElo "2263"]
[TimeControl "180+2"]
[EndTime "14:35:25 PDT"]
[Termination "scrapnel won by resignation"]

1. e4 c5 2. Nf3 d6 3. d4 cxd4 4.
Nxd4 Nf6 5. Nc3 a6 6. f3 e6 7.
Be3 b5 8. Qd2 Nbd7 9. g4 Nb6 10.
a4 b4 11. Na2 d5 12. b3 dxe4 13. Bg2 Nbd5 14. fxe4 Nxe3 15. Qxe3 Bc5 16. O-O-O e5 0-1

[Event "*** Qualifier 1: Titled Tuesday 3|2 Blitz"]
[Site "Chess.com"]
[Date "2017.04.04"]
[Round "7"]
[White "HansCoolNiemann"]
[Black "ecwinslow"]
[Result "1-0"]
[WhiteElo "2349"]
[BlackElo "2092"]
[TimeControl "180+2"]
[EndTime "14:35:50 PDT"]
[Termination "HansCoolNiemann won by resignation"]

1. d4 Nf6 2. c4 g6 3. Nc3 Bg7 4.
e4 d6 5. Nf3 O-O 6. Be2 e5 7.
dxe5 dxe5 8. Qxd8 Rxd8 9. Bg5 c6 10. Nxe5 Na6 11. Nxc6 bxc6 12. e5 h6 13. Bxf6 Bxf6 14. exf6 Rd6 15. Rd1 Rxf6 16. O-O Bf5 17. g4 Be6 18. f4 Re8 19. Ne4 1-0

[Event "*** Qualifier 1: Titled Tuesday 3|2 Blitz"]
[Site "Chess.com"]
[Date "2017.04.04"]
[Round "7"]
[White "Sethu0025"]
[Black "Vamostodorecto"]
[Result "1-0"]
[WhiteElo "2587"]
[BlackElo "2344"]
[TimeControl "180+2"]
[EndTime "14:36:40 PDT"]
[Termination "Sethu0025 won by resignation"]

1. e4 e5 2. Nf3 Nc6 3. Bb5 a6 4.
Ba4 Nf6 5. O-O b5 6. Bb3 Bb7 7. d3 Bc5 8. Nc3 O-O 9. a4 b4 10. Nd5 h6 11. c3 bxc3 12. bxc3 d6 13. d4 exd4 14. cxd4 Ba7 15. Nxf6+ Qxf6 16. Bb2 Qg6 17. Bd5 Rab8 18. Rc1 Nb4 19. Nh4 Qf6 20. Bxb7 Rxb7 21.
Nf5 Nd3 22. Qxd3 Rxb2 23. Rxc7 Bb6 24. Rc6 Rd8 25. Qc3 Re2 26. Rxb6 Rxe4 27. Ne3 Rxd4 28.
Rxa6 Qe5 29. a5 Kh8 30. Ra7 f5 31. Nxf5 1-0

[Event "*** Qualifier 1: Titled Tuesday 3|2 Blitz"]
[Site "Chess.com"]
[Date "2017.04.04"]
[Round "7"]
[White "RitvarsReimanis"]
[Black "stefanodinn"]
[Result "1-0"]
[WhiteElo "2419"]
[BlackElo "2198"]
[TimeControl "180+2"]
[EndTime "14:37:10 PDT"]
[Termination "RitvarsReimanis won by resignation"]

1. d4 Nf6 2. c4 e6 3. Nc3 d5 4. Bg5 Be7 5. cxd5 Nxd5 6. Bxe7 Qxe7 7. Rc1 O-O 8. Nf3 b6 9. Nxd5 exd5 10. e3 Be6 11. Qc2 Rc8 12. Bd3 h6 13. O-O c5 14.
Bf5 Nd7 15. Qb1 c4 16. Bc2 b5 17. e4 Nb6 18. Rfe1 b4 19. h3 Qd8 20. e5 a5 21.
Bh7+ Kh8 22. Bf5 Qd7 23. Bxe6 Qxe6 24. Nh4 c3 25. bxc3 bxc3 26. f4 Qc6 27. Qd3 Qc4 28.
Qg3 Qxd4+ 29. Kh2 c2 30. Nf5 1-0

[Event "*** Qualifier 1: Titled Tuesday 3|2 Blitz"]
[Site "Chess.com"]
[Date "2017.04.04"]
[Round "7"]
[White "Bad4life"]
[Black "Generalas"]
[Result "1-0"]
[WhiteElo "2284"]
[BlackElo "2193"]
[TimeControl "180+2"]
[EndTime "14:37:24 PDT"]
[Termination "Bad4life won by resignation"]

1. e4 e5 2. Nf3 Nc6 3. Bb5 a6 4. Ba4 Nf6 5. d3 b5 6. Bb3 Be7 7. O-O O-O 8. Nc3 d6 9. a3 h6 10. Ba2 Nd4 11. Nxd4 exd4 12. Nd5 Be6 13. f4 Bxd5 14. exd5 Nh7 15. Qh5 f5 16. Bd2 Qe8 17. Qf3 Bf6 18. Rae1 Qg6 19. Re6 Rfe8 20. Ba5 Qf7 21. Rfe1 Rec8 22. Qh3 Nf8 23. Qxf5 Nxe6 24. dxe6 Qe7 25. Bd5 c6 26. Be4 Ra7 27. Qh7+ 1-0

[Event "*** Qualifier 1: Titled Tuesday 3|2 Blitz"]
[Site "Chess.com"]
[Date "2017.04.04"]
[Round "7"]
[White "Alex_Molchanov"]
[Black "Rodalquilar"]
[Result "1-0"]
[WhiteElo "2388"]
[BlackElo "2556"]
[TimeControl "180+2"]
[EndTime "14:37:32 PDT"]
[Termination "Alex_Molchanov won on time"]

1. d4 Nf6 2. c4 e6 3. Nc3 Bb4 4.
e3 O-O 5. Ne2 Re8 6. a3 Bf8 7. e4 d5 8. e5 Nfd7 9. cxd5 exd5 10.
Nxd5 c5 11. f4 cxd4 12. Qxd4 Nc6 13. Qd1 Nc5 14. Nec3 Nxe5 15. fxe5 Rxe5+ 16. Ne3 Qb6 17. Nd5 Qh6 18. Be2 Qh4+ 19. g3 Qh3 20. Nf4 Qh6 21. O-O Ne4 22. Nc4 Bc5+ 23. Kg2 Re7 24.
Qd8+ 1-0

[Event "*** Qualifier 1: Titled Tuesday 3|2 Blitz"]
[Site "Chess.com"]
[Date "2017.04.04"]
[Round "7"]
[White "sergiochess83"]
[Black "Tesla37"]
[Result "1-0"]
[WhiteElo "2677"]
[BlackElo "2575"]
[TimeControl "180+2"]
[EndTime "14:37:43 PDT"]
[Termination "sergiochess83 won by resignation"]

1. e4 c5 2. Nf3 Nc6 3. d4 cxd4 4. Nxd4 Qb6 5. Nb3 Nf6 6. Nc3 e6 7. Qe2 d6 8. Be3 Qc7 9. g4 a6 10. g5 Nd7 11. f4 b5 12. a3 Bb7 13. Bg2 Nc5 14.
O-O Be7 15. Qf2 Nd7 16. Rad1 h6 17. g6 fxg6 18. f5 O-O 19. Qg3 gxf5 20. exf5 Rxf5 21. Rxf5 exf5 22. Bxh6 Bf8 23. Bd5+ Kh7 24. Bf4 Nf6 25. Qh4+ Kg6 26. Qg5+ Kh7 27. Qxf5+ Kh8 28. Rd3 Nh7 29. Rh3 g6 30. Qf6+ Qg7 31. Rxh7+ Kxh7 32. Qh4+ 1-0

[Event "*** Qualifier 1: Titled Tuesday 3|2 Blitz"]
[Site "Chess.com"]
[Date "2017.04.04"]
[Round "7"]
[White "Grebeniuk-S"]
[Black "Bugcrusher"]
[Result "0-1"]
[WhiteElo "2406"]
[BlackElo "2462"]
[TimeControl "180+2"]
[EndTime "14:37:48 PDT"]
[Termination "Bugcrusher won by resignation"]

1. d4 e6 2. Nf3 Nf6 3. e3 c5 4.
Bd3 b6 5. O-O Bb7 6. b3 cxd4 7.
exd4 g6 8. Bb2 Bg7 9. Nbd2 O-O 10. Re1 d6 11. Nc4 Qc7 12. Qe2 Re8 13. Rad1 Nc6 14. a3 Nd5 15. Qd2 Rad8 16. h4 e5 17. dxe5 dxe5 18.
h5 Nf4 19. hxg6 hxg6 20. Nfxe5 Nxg2 21. Nxc6 Nxe1 22. Rxe1 Qxc6 23. Be4 Rxd2 24. Bxc6 Rxe1+ 25. Kh2 Bxc6 0-1

[Event "*** Qualifier 1: Titled Tuesday 3|2 Blitz"]
[Site "Chess.com"]
[Date "2017.04.04"]
[Round "7"]
[White "NTBT_DHS"]
[Black "DavidMarkosyan"]
[Result "1-0"]
[WhiteElo "2450"]
[BlackElo "2340"]
[TimeControl "180+2"]
[EndTime "14:37:48 PDT"]
[Termination "NTBT_DHS won by resignation"]

1. d4 Nf6 2. c4 g6 3. Nc3 Bg7 4. e4 d6 5. Nf3 O-O 6. h3 e5 7. d5 a5 8. g4 Na6 9. Be3 Nd7 10. a3 Nb6 11. Rg1 Kh8 12. Be2 Nc5 13. Nd2 a4 14. Kf1 f5 15. gxf5 gxf5 16. Bxc5 dxc5 17. Ke1 Qh4 18. Nf3 Qxh3 19. Ng5 Qh2 20. Kd2 Bh6 21. Kc2 Qxf2 22. Qd3 fxe4 23. Ncxe4 Qd4 24.
Nxh7 Qxe4 25. Nxf8 Qxd3+ 26. Bxd3 Bxf8 27. Rh1+ Kg8 28. Rag1+ Kf7 29. Rf1+ Ke8 30. Bg6+ Ke7 31. Rh7+ 1-0

[Event "*** Qualifier 1: Titled Tuesday 3|2 Blitz"]
[Site "Chess.com"]
[Date "2017.04.04"]
[Round "7"]
[White "kleinebeer98"]
[Black "DuleMudule"]
[Result "1-0"]
[WhiteElo "2502"]
[BlackElo "2575"]
[TimeControl "180+2"]
[EndTime "14:37:55 PDT"]
[Termination "kleinebeer98 won by checkmate"]

1. e4 c5 2. Nf3 Nc6 3. d4 cxd4 4.
Nxd4 Qc7 5. Nc3 e6 6. Be3 a6 7.
Bd3 Nf6 8. O-O h5 9. h3 b5 10. a3 Bb7 11. Qe2 Ne5 12. Bf4 Bc5 13. Nf3 d6 14. Rad1 h4 15. b4 Bb6 16. Bxb5+ Ke7 17. Rxd6 Qxd6 18. Bxe5 Qd8 19. Rd1 axb5 20. Rxd8 Rhxd8 21. Qxb5 Nd7 22. Bxg7 Rxa3 23. Qg5+ f6 24. Bxf6+ Nxf6 25. Qg7+ Kd6 26. Qxb7 Ra1+ 27. Kh2 Bxf2 28. e5# 1-0

[Event "*** Qualifier 1: Titled Tuesday 3|2 Blitz"]
[Site "Chess.com"]
[Date "2017.04.04"]
[Round "7"]
[White "GM_Donatello"]
[Black "Zhani-Z"]
[Result "0-1"]
[WhiteElo "2528"]
[BlackElo "2394"]
[TimeControl "180+2"]
[EndTime "14:37:55 PDT"]
[Termination "Zhani-Z won by resignation"]

1. e4 e5 2. Nf3 Nc6 3. Bb5 a6 4.
Ba4 Nf6 5. O-O Be7 6. Re1 b5 7. Bb3 d6 8. h3 O-O 9. c3 Nb8 10. d4 Nbd7 11. Nbd2 Bb7 12. Bc2 c5 13. Nf1 cxd4 14.
cxd4 exd4 15. Nxd4 Re8 16. Ng3 Bf8 17. Bf4 Ne5 18. Rc1 Ng6 19. Bg5 h6 20. Bxf6 Qxf6 21.
Bb3 d5 22. Rc7 Rab8 23. Ngf5 Qb6 24. Qc1 Rbc8 25. Rxc8 Rxc8 26. Qd1 dxe4 27. Qg4 Qf6 28. h4 Ne5 29. Qg3 Nd3 30. Rf1 Bc5 0-1

[Event "*** Qualifier 1: Titled Tuesday 3|2 Blitz"]
[Site "Chess.com"]
[Date "2017.04.04"]
[Round "7"]
[White "davidarenas1224"]
[Black "nihalsarin"]
[Result "1-0"]
[WhiteElo "2340"]
[BlackElo "2506"]
[TimeControl "180+2"]
[EndTime "14:38:17 PDT"]
[Termination "davidarenas1224 won by resignation"]

1. e4 e5 2. Nf3 Nc6 3. Bb5 a6 4.
Ba4 Nf6 5. O-O Be7 6. Re1 b5 7. Bb3 O-O 8. d4 d6 9. c3 Bg4 10. d5 Na5 11. Bc2 c6 12. h3 Bh5 13. dxc6 Nxc6 14.
Nbd2 d5 15. exd5 Nxd5 16. Ne4 Nb6 17. Qe2 f5 18. Ng3 Bxf3 19. Qxf3 e4 20. Nxe4 fxe4 21. Qxe4 Qd6 22. Qxh7+ Kf7 23. Qh5+ g6 24. Qh7+ Ke8 25. Bh6 Rf6 26. Rad1 Nd5 27. Qg8+ Kd7 28. Qxa8 Qc5 29. Rxd5+ Qxd5 30. Rd1 1-0